cohdb
Replays
Latest Replays
All Replays
Popular Replays
Top Player Replays
Match Explorer
How It Works
Community
CoH3 Stats
Reddit
Sign in to upload your games and track your stats! →
Sign in with Steam
Match 42828138
Unlisted
Match 42828138
Overview
Messages
Build Orders
End
Kradschützen Motorcycle Team
Kradschützen Motorcycle Team
Selects Armored Support Battlegroup
Selects Armored Support Battlegroup
250 Light Carrier
Construct Light Support Kompanie
Assault Grenadier Squad
MG34 Team
Panzerjäger Squad
Construct Mechanized Kompanie
Selects Superior Fire Drills
8 Rad Armored Car
Vehicle Survival Package
8 Rad Armored Car
MG34 Team
MG34 Team
Kradschützen Motorcycle Team
Marder III Tank Destroyer
254 Reconnaissance Tractor
Panzerjäger Squad
Selects Flammpanzer III Medium Tank
Panzerjäger Squad
Support Armor Elements
Pak 38 Anti-tank Gun Team
Selects Command Panzer IV F Medium Tank
Selects Salvage Kits
Selects Panzer Storm
Flakvierling Half-track
2.5-tonne Medical Truck
Willaguy
Ⅲ♈羞涩的信封
0
0
Comments
sign in to comment!
No comments posted yet!